 Dungeon Crawl Stone Soup version 0.22-a0-224-g8cf3520 (webtiles) character file.

3768 Gorglomux the Cleaver (level 9, -1/80 HPs)
             Began as a Minotaur Enchanter on Feb 19, 2018.
             Was a Follower of Okawaru.
             Slain by a jelly (3 damage)
             ... on level 8 of the Dungeon.
             The game lasted 00:17:03 (9161 turns).

Gorglomux the Cleaver (Minotaur Enchanter)          Turns: 9161, Time: 00:17:04

Health: -1/80      AC: -1    Str: 15    XL:     9   Next: 94%
Magic:  19/19      EV:  8    Int: 12    God:    Okawaru [*.....]
Gold:   660        SH:  5    Dex: 17    Spells: 10/10 levels left

rFire    . . .     SeeInvis .   a - +0 war axe
rCold    . . .     Gourm    .   (no shield)
rNeg     . . .     Faith    .   N - +0 chain mail
rPois    .         Spirit   .   (helmet restricted)
rElec    .         Reflect  +   L - scarf {repulsion}
rCorr    .         Harm     .   t - +2 pair of gloves
MR       .....                  (no boots)
Stlth    ..........             D - +5 amulet of reflection
HPRegen  0.23/turn              W - +5 ring of dexterity
MPRegen  0.16/turn              K - ring of magical power

@: corroded, starving, repel missiles, very slow
A: retaliatory headbutt, horns 2
a: Heroism, Renounce Religion


You were on level 8 of the Dungeon.
You worshipped Okawaru.
Okawaru was aware of your devotion.
You were starving.

You visited 2 branches of the dungeon, and saw 9 of its levels.
You also visited: Ossuary.

You collected 660 gold pieces.

Inventory:

Hand Weapons
 a - a +0 war axe (weapon)
 b - a +3 whip of electrocution
 I - a +2 halberd of venom
Missiles
 P - 7 javelins (quivered)
 Z - 2 throwing nets
Armour
 t - a +2 pair of gloves (worn)
 E - a +0 buckler
 L - a scarf of repulsion (worn)
 N - a +0 chain mail (worn)
Jewellery
 D - a +5 amulet of reflection (around neck)
 K - a ring of magical power (right hand)
 W - a +5 ring of dexterity (left hand)
Wands
 S - a wand of flame (42)
Scrolls
 k - a scroll of immolation
 o - 2 scrolls of enchant armour
 B - a scroll of blinking
 G - a scroll of acquirement {unknown}
 H - 7 scrolls of amnesia
 M - a scroll of magic mapping
 O - 2 scrolls of remove curse
 R - 8 scrolls of identify
 T - a scroll of teleportation
 V - 2 scrolls of enchant weapon
 X - 2 scrolls of fear
 Y - 3 scrolls of fog {unknown}
Potions
 p - a potion of haste
 z - 2 potions of agility
 A - 2 potions of heal wounds
 C - a potion of ambrosia
 F - a potion of might
 J - a potion of brilliance
 Q - a potion of curing
Miscellaneous
 U - a box of beasts
Comestibles
 c - 26 rations


   Skills:
 - Level 7.7 Fighting
   Level 1.1 Short Blades
 + Level 11.7 Axes
 - Level 7.6 Armour
 - Level 3.3 Dodging
 - Level 2.4 Stealth
 - Level 4.0 Shields
 - Level 1.3 Spellcasting
   Level 2.0 Hexes


You had 10 spell levels left.
You didn't know any spells.

Dungeon Overview and Level Annotations

Branches:
Dungeon (8/15)             Temple (1/1) D:7
   Lair: D:8-11

Altars:
Ashenzari
Cheibriados
Dithmenos
Elyvilon
Fedhas
Gozag
Hepliaklqana
Kikubaaqudgha
Makhleb
Nemelex Xobeh
Okawaru
Qazlal
Ru
Sif Muna
Trog
Uskayaw
Vehumet
Wu Jian
Xom
Yredelemnul
Zin
The Shining One


Innate Abilities, Weirdness & Mutations

You reflexively headbutt those who attack you in melee.
You have a pair of horns on your head.


Message History

The jelly hits you!
You butt splashed with acid!!!
The acid burns!!! * * * don't die
* * * You slice the jelly but do no damage!
Your hands burn!!! * * * butt't die
* * * The jelly hits you! * * * butt't butt
* * * The acid corrodes you!!!
You are splashed with acid!!!
The acid burns!!! * * * don't die
* * * You open the jelly but do no damage!
Your hands burn!!! * * * don't die
* * * You headbutt the jelly, but do no damage!
The jelly hits you! * * * don't die
* * * You are splashed with acid!!!
The acid burns!!! * * * don't die
* * * There butts an open door here!
You enter the shallow water!
Moving in this stuff is going to be slow!
The jelly hits you! rip

# #.............##..........##
#
##...................#.....##
#
#..........####....####....###
##.......### ##..## ###....#
##..###....# ####.## ##....
##..## ####.###.≈### ##...
##..## #>..#.≈##### ##.. ...##
##...#..#...#** ###.. ....#
##......@J.#.+,* ###....
....##
##........#...#**###......
.....###........≈#####
##......#. .................≈#
##.....###.
..........#...#####**
#....####.. .........#...##
**,**#....###...
#####...#..###
*,,,*#.........# ##.....#
*,,**##.###....# ##....#
****,,**.#.# ###...


You could see a jelly.

Vanquished Creatures
  The ghost of Regeox the Insei, a novice OpFi (D:5)
  A troll (D:8)
  A hungry ghost (D:7)
  An acid dragon (D:7)
  An ice beast (D:8)
  2 sky beasts
  An orc warrior (D:6)
  2 phantoms
  A hornet zombie (D:3)
  2 centaurs
  3 ogres
  3 bullfrogs
  4 scorpions
  A water moccasin skeleton (D:5)
  A wight (D:7)
  3 killer bees (D:7)
  2 howler monkeys (D:7)
  3 crimson imps (D:5)
  A centaur zombie (D:5)
  4 jellies
  4 orc priests
  2 bullfrog skeletons
  2 hounds
  An iguana (D:6)
  6 orc wizards
  Natasha (thrice) (D:3)
  4 worker ants
  3 hound zombies
  A hound skeleton (D:7)
  7 gnolls
  13 adders
  7 oozes
  2 adder skeletons (D:7)
  3 worms
  2 dart slugs
  11 leopard geckos
  37 orcs
  4 giant cockroaches
  5 hobgoblins
  8 jackals
  6 kobolds
  4 quokkas
  9 bats
  2 frilled lizards
  4 goblins
  A jackal skeleton (D:4)
  2 kobold zombies (Ossuary)
  A leopard gecko skeleton (D:4)
  2 quokka skeletons
  6 rats
  A rat zombie (Ossuary)
201 creatures vanquished.

Notes
Turn   | Place    | Note
-------+----------+-------------------------------------------
     0 | D:1      | Gorglomux the Minotaur Enchanter began the quest for the Orb.
     0 | D:1      | Reached XP level 1. HP: 14/14 MP: 1/1
   327 | D:1      | Reached skill level 1 in Fighting
   327 | D:1      | Reached skill level 1 in Armour
   349 | D:1      | Reached XP level 2. HP: 19/23 MP: 3/3
  1127 | D:2      | Reached XP level 3. HP: 29/29 MP: 4/4
  1138 | D:2      | Reached skill level 3 in Dodging
  1778 | D:2      | Reached XP level 4. HP: 33/37 MP: 1/5
  1959 | D:3      | Noticed Natasha
  1964 | D:3      | Killed Natasha
  2216 | D:3      | Reached skill level 3 in Fighting
  2216 | D:3      | Reached skill level 1 in Axes
  2216 | D:3      | Reached skill level 3 in Armour
  2216 | D:3      | Reached XP level 5. HP: 21/45 MP: 6/6
  2462 | D:3      | Noticed a centaur
  2486 | D:3      | Killed a centaur
  2486 | D:3      | Reached skill level 2 in Axes
  3149 | D:3      | Noticed Natasha
  3157 | D:3      | Reached XP level 6. HP: 38/52 MP: 7/7
  3159 | D:3      | Killed Natasha
  3276 | D:3      | Noticed Natasha
  3287 | D:3      | Killed Natasha
  3554 | D:2      | Found a white marble altar of Elyvilon.
  3629 | D:3      | Reached skill level 3 in Axes
  4223 | D:4      | Reached XP level 7. HP: 60/60 MP: 8/8
  4224 | D:4      | Reached skill level 4 in Axes
  4744 | D:5      | Entered Level 5 of the Dungeon
  4757 | D:5      | Reached skill level 5 in Axes
  4790 | D:5      | Reached skill level 6 in Fighting
  4790 | D:5      | Reached skill level 6 in Armour
  4858 | D:5      | Reached XP level 8. HP: 65/70 MP: 9/9
  4967 | D:5      | Found a sand-covered staircase.
  5051 | Ossuary  | Entered an ossuary
  5063 | Ossuary  | Reached skill level 6 in Axes
  5076 | Ossuary  | HP: 2/71 [mummy (12)]
  5419 | D:5      | Noticed Regeox's ghost (novice OpFi)
  5453 | D:5      | Killed Regeox's ghost
  6077 | D:6      | Reached skill level 7 in Axes
  6290 | D:6      | Reached skill level 1 in Shields
  6411 | D:6      | Reached XP level 9. HP: 64/80 MP: 10/10
  6780 | D:7      | Found a staircase to the Ecumenical Temple.
  6822 | D:7      | Reached skill level 8 in Axes
  6822 | D:7      | Reached skill level 3 in Shields
  6825 | Temple   | Entered the Ecumenical Temple
  6904 | Temple   | Became a worshipper of Warmaster Okawaru
  7507 | D:7      | Reached skill level 9 in Axes
  7958 | D:7      | Reached skill level 10 in Axes
  8155 | D:7      | Reached * piety under Okawaru
  8376 | D:8      | Noticed a troll
  8389 | D:8      | Killed a troll
  8389 | D:8      | Reached skill level 11 in Axes
  9159 | D:8      | HP: 1/80 [acid (6)]
  9161 | D:8      | Slain by a jelly

Vault maps used:
D:1:      minmay_arrival_hallway
D:2:      nicolae_overflow_hidden_temple
D:3:      uniq_natasha
D:4:      first_ration
D:5:      lightli_ossuary_entry_decrepit_ruins
D:7:      minmay_the_grid_plus_closed, minmay_temple_entry_statues_fountains
D:8:      hangedman_little_slice_of_home, hex_large
Temple:   compressed_dpeg_circular_temple
Ossuary:  ossuary_minmay_tomb_2a

Skill      XL: |  1  2  3  4  5  6  7  8  9 |
---------------+----------------------------+-----
Fighting       | 1 2 3 4 6 7 |  7.7
Armour         | 1 2 3 4 6 7 |  7.6
Dodging        | 3 |  3.3
Axes           | 1 2 3 5 7 11 | 11.7
Shields        | 2 4 |  4.0
Short Blades   | |  1.1
Stealth        | |  2.4
Spellcasting   | |  1.3
Hexes          | |  2.0

Action                   |  1- 3 |  4- 6 |  7- 9 || total
-------------------------+-------+-------+-------++-------
Melee: Dagger            |    86 |    21 |       ||   107
       Headbutt          |    14 |    11 |    90 ||   115
       War axe           |       |    47 |   152 ||   199
       Whip              |       |    65 |   254 ||   319
       Halberd           |       |       |    25 ||    25
Throw: Javelin           |       |       |     8 ||     8
 Cast: Corona            |     3 |       |       ||     3
Evoke: Wand              |       |       |     3 ||     3
       Box of beasts     |       |       |     1 ||     1
  Use: Potion            |     1 |     4 |       ||     5
       Scroll            |       |     3 |    14 ||    17
 Stab: Sleeping          |     4 |     4 |     1 ||     9
       Distracted        |       |       |     1 ||     1
  Eat: Chunk             |     3 |     5 |    14 ||    22
       Ration            |       |     1 |     1 ||     2
Armor: Robe              |     3 |       |       ||     3
       Leather armour    |    11 |    16 |    40 ||    67
       Chain mail        |       |       |   127 ||   127
Dodge: Dodged            |    62 |    72 |   202 ||   336
       Deflected         |       |       |     1 ||     1
Block: Other             |       |       |    18 ||    18

Table legend:
 A = Spawn XP
 B = Non-spawn XP
 C = Spawn XP percentage of total XP
 D = Spawn monster count
 E = Non-spawn monster count
 F = Spawn count percentage of total count
 G = Total turns spent on level
                    A         B        C        D         E        F      G
               +---------+---------+-------+---------+---------+-------+---------
         Total |       0 |    5384 |   0.0 |       0 |     201 |   0.0 |  9161
               +---------+---------+-------+---------+---------+-------+---------
           D:1 |       0 |      36 |   0.0 |       0 |      20 |   0.0 |  1106
           D:2 |       0 |      81 |   0.0 |       0 |      20 |   0.0 |  1149
           D:3 |       0 |     461 |   0.0 |       0 |      25 |   0.0 |  1611
           D:4 |       0 |     535 |   0.0 |       0 |      38 |   0.0 |  1129
           D:5 |       0 |    1114 |   0.0 |       0 |      30 |   0.0 |   872
           D:6 |       0 |     623 |   0.0 |       0 |      13 |   0.0 |   845
           D:7 |       0 |    1555 |   0.0 |       0 |      35 |   0.0 |  1412
           D:8 |       0 |     934 |   0.0 |       0 |      15 |   0.0 |   921
       Ossuary |       0 |      45 |   0.0 |       0 |       5 |   0.0 |    30
               +---------+---------+-------+---------+---------+-------+---------
